 Dungeon Crawl Stone Soup version 0.20.0-10-g0535bb4 (webtiles) character file.

70 Esekla the Charmwright (level 4, -1/25 HPs)
             Began as a Deep Elf Skald on June 5, 2017.
             Slain by a river rat (5 damage)
             ... on level 3 of the Dungeon.
             The game lasted 00:19:12 (2094 turns).

Esekla the Charmwright (Deep Elf Skald)             Turns: 2094, Time: 00:19:13

Health: -1/25      AC:  4    Str:  8    XL:     4   Next: 3%
Magic:  0/10       EV: 12    Int: 18    God:
Gold:   145        SH:  0    Dex: 15    Spells: 1/9 levels left

rFire    . . .     SeeInvis .   a - +0 short sword
rCold    . . .     Gourm    .   (no shield)
rNeg     . . .     Faith    .   b - +0 leather armour
rPois    .         Spirit   +   (no helmet)
rElec    .         Reflect  .   (no cloak)
rCorr    .         Harm     .   (no gloves)
MR       .....                  m - +0 pair of boots
Stlth    ++........             j - amulet of guardian spirit
Regen    0.1/turn               (no ring)
MPRegen  0.2/turn               (no ring)

@: very slightly contaminated
A: no striking features
a: no special abilities


You were on level 3 of the Dungeon.
You were not hungry.

You visited 1 branch of the dungeon, and saw 3 of its levels.

You collected 145 gold pieces.

Inventory:

Hand Weapons
 a - a +0 short sword (weapon)
Armour
 b - a +0 leather armour (worn)
 m - a +0 pair of boots (worn)
Jewellery
 j - an amulet of guardian spirit (around neck)
Potions
 f - a potion of invisibility {unknown}
 i - a potion of magic {unknown}
 k - a potion of ambrosia {unknown}
 l - 2 potions of lignification {unknown}
Books
 c - a book of Battle

   Spells                             Type                      Level
   a - Infusion                       Charms                       1
   b - Shroud of Golubria             Charms/Translocation         2
   c - Song of Slaying                Charms                       2
   d - Spectral Weapon                Hexes/Charms                 3
   e - Regeneration                   Charms/Necromancy            3
Comestibles
 d - 2 bread rations


   Skills:
 - Level 1.5 Fighting
 * Level 3.4 Short Blades
 - Level 1.0 Armour
 + Level 2.9 Dodging
 + Level 1.0 Stealth
 + Level 3.2 Spellcasting
 * Level 0.6 Hexes
 + Level 4.7 Charms


You had one spell level left.
You knew the following spells:

 Your Spells              Type           Power        Failure   Level  Hunger
a - Infusion              Chrm           ###.         3%          1    None
b - Shroud of Golubria    Chrm/Tloc      ##........   13%         2    ##.....
c - Song of Slaying       Chrm           ###.....     4%          2    ##.....
d - Spectral Weapon       Hex/Chrm       ##......     22%         3    ###....


Dungeon Overview and Level Annotations

Branches:
Dungeon (3/15)

Altars:
Fedhas
Hepliaklqana
Yredelemnul
The Shining One


Message History

You hit the river rat.
The river rat is lightly wounded.
Your spectral weapon hits the river rat but does no damage.
The river rat barely misses you.
You hit the river rat.
The river rat is heavily wounded.
Your spectral weapon misses the river rat.
The river rat bites you!
* * * LOW HITPOINT WARNING * * *
The rat bites you but does no damage.
You hit the river rat.
The river rat is severely wounded.
Your spectral weapon closely misses the river rat.
The river rat bites you.
* * * LOW HITPOINT WARNING * * *
You hit the river rat but do no damage.
The river rat is severely wounded.
Your spectral weapon barely misses the river rat.
The rat closely misses you. The river rat bites you!
You die...

.# *..≈#≈*≈******* .#
##..≈≈S#≈≈≈≈≈≈≈≈ .#####
#$...#≈#******≈* .....#
#...≈≈≈#≈≈≈≈≈≈≈* ####.#
#....≈≈#******** ...#.#
####......#
.#.#.##########.........#
>...............rr.#*****
.#.#.##########.@(.# .#.#.#
#.>..# .#.#.# #...§# .#.#.#*****
##..##
.#†#.#,,,,*######.###############
...[.+,,,,.......................
.#.#.#,,,*...####.###†####.######
.#.#.#,,*.*,,* #..*#.# #.#
.#.#,#,♣._,*,* ##.##.# #.#


You could see a river rat, a rat and a friendly spectral short sword.

Vanquished Creatures
  An adder (D:2)
  A dart slug (D:2)
  3 leopard geckos
  7 orcs (D:3)
  2 giant cockroaches (D:2)
  6 goblins
  8 hobgoblins
  2 jackals (D:1)
  2 kobolds
  A quokka (D:2)
  2 bats
  8 rats
43 creatures vanquished.

Notes
Turn   | Place    | Note
-------+----------+-------------------------------------------
     0 | D:1      | Esekla the Deep Elf Skald began the quest for the Orb.
     0 | D:1      | Reached XP level 1. HP: 12/12 MP: 6/6
   673 | D:1      | Reached XP level 2. HP: 9/16 MP: 4/8
   855 | D:2      | Reached skill level 1 in Armour
   916 | D:2      | Found a blossoming altar of Fedhas.
   921 | D:2      | Learned a level 2 spell: Shroud of Golubria
   926 | D:2      | Reached XP level 3. HP: 16/20 MP: 3/9
   930 | D:2      | Found a glowing golden altar of the Shining One.
  1140 | D:2      | Found a hazy altar of Hepliaklqana.
  1142 | D:2      | Found a basalt altar of Yredelemnul.
  1579 | D:2      | Learned a level 2 spell: Song of Slaying
  1583 | D:2      | Learned a level 3 spell: Spectral Weapon
  1598 | D:2      | Reached skill level 1 in Stealth
  1633 | D:3      | Found a faded altar of an unknown god.
  2031 | D:3      | Reached XP level 4. HP: 9/25 MP: 4/10
  2094 | D:3      | Slain by a river rat

Skill      XL: |  1  2  3 |
---------------+----------+-----
Armour         | 1 |  1.0
Short Blades   | 3 |  3.4
Stealth        | 1 |  1.0
Fighting       | |  1.5
Dodging        | |  2.9
Spellcasting   | |  3.2
Hexes          | |  0.6
Charms         | |  4.7

Action                   |  1- 3 |  4- 6 || total
-------------------------+-------+-------++-------
Melee: Short sword       |   192 |     5 ||   197
 Cast: Infusion          |     7 |       ||     7
       Spectral Weapon   |     2 |     1 ||     3
  Use: Scroll            |       |     3 ||     3
 Stab: Sleeping          |     2 |       ||     2
  Eat: Fruit             |     3 |       ||     3
       Bread ration      |     1 |       ||     1
Armor: Leather armour    |    22 |     2 ||    24
Dodge: Dodged            |   101 |     2 ||   103
